AoeStats
← FireGoat

Arabia

510024480Analyzed
1v1 RM · 4d ago on Sep 29, 2026· 21m 18s· 2 players
Game mode
Random Map
Map size
Tiny (2 player)
Population
200
Speed
Normal
Resources
Standard
Victory
Conquest
Starting age
Dark Age
Ending age
Imperial Age
RankedLock teamsTeams togetherTeam positionsShared explorationLock speedFull tech treeHidden civsTurbo modeCheats
Victory
Defeat
🇨🇱 Slavs · Chile
1454
+15
🇨🇳 Saxons · China
1425
-15
FireGoat
4:05 Loom
7:04 Loom
9:21 Feudal Age
14:02 Castle Age
13:40 Double-Bit Axe
Ambrosolido
6:06 Loom
8:55 Feudal Age
9:23 Double-Bit Axe
10:02 Horse Collar
19:53 Castle Age
18:48 Forging
19:02 Bloodlines
19:31 Gold Mining
19:59 Scale Barding Armor
Connection lost

Rejoining the realm…

Still unreachable

The connection could not be restored.

Session expired

The server has moved on; the page needs a fresh start.